[Event "Early-Titled-Tuesday-Blitz-October-17-2023"]
[Site "Chess.com"]
[Date "2023.10.17"]
[Round "8"]
[White "JuniorJumper"]
[Black "Ranindu2003"]
[Result "0-1"]
[WhiteElo "2583"]
[BlackElo "2790"]
[TimeControl "180+1"]
[EndTime "9:34:09 PDT"]
[Termination "Ranindu2003 won by checkmate"]

1. d4 d5 2. c4 e6 3. Nc3 Nf6 4. cxd5 exd5 5. Bg5 Bb4 6. e3 h6 7. Bxf6 Qxf6 8. Bd3 c6 9. Qf3 Qg5 10. Ne2 O-O 11.
Qg3 Qf6 12. Qf3 Qe7 13. O-O Nd7 14. Ng3 Nf6 15. Nf5 Bxf5 16. Qxf5 Rfe8 17. Ne2 Bd6 18.
a3 a5 19. Rac1 Rac8 20. Ng3 c5 21. Nh5 Ne4 22. Qxd5 Nd2 23. Rfd1 Rcd8 24. Qf5 g6 25. Nf6+ Kf8 26. Qh3 Qxf6 27. Rxd2 cxd4 28. Rdc2 dxe3 29. fxe3 Qg5 30. e4 Bf4 31. Rf1 Re7 32. Kh1 Kg7 33. Bc4 Be5 34. Bd5 Rdd7 35. Rcf2 f6 36. Qb3 h5 37. Qh3 Bd4 38. Rf3 Be5 39. g3 Rc7 40.
Qg2 b6 41. h4 Qh6 42. Qf2 Rc5 43. Rxf6 Rcc7 44. Rf3 Kh7 45. Qe2 Bg7 46. Rf7 Rxf7 47. Rxf7 Rxf7 48. Bxf7 Qc1+ 49. Kg2 Qxb2 50. Qxb2 Bxb2 51.
a4 Kg7 52. Be8 Bd4 53. Kf3 Kf6 54. Ke2 Bc5 55. Kd3 Bd6 56. Kc4 Bxg3 57. Kb5 Bxh4 58. Kxb6 Be1 59. e5+ Kxe5 60. Bxg6 h4 61. Be8 h3 62. Bc6 Kf4 63. Kc5 Kg3 64. Kd4 Kf2 65. Kd3 Kg1 66. Ke2 Bb4 67. Bd5 h2 68. Bh1 Kxh1 69.
Kf2 Bc5+ 70. Kf1 Ba7 71. Ke2 Kg1 72. Kd3 h1=Q 73. Kc4 Qc6+ 74. Kb3 Qd5+ 75. Kc3 Qd4+ 76. Kb3 Qb4+ 77. Kc2 Qa3 78. Kb1 Kf2 79. Kc2 Bd4 80. Kb1 Qb2# 0-1

[Event "Early-Titled-Tuesday-Blitz-October-17-2023"]
[Site "Chess.com"]
[Date "2023.10.17"]
[Round "8"]
[White "YouJustFoundYourGodfather"]
[Black "stollenmonster"]
[Result "1-0"]
[WhiteElo "2639"]
[BlackElo "2787"]
[TimeControl "180+1"]
[EndTime "9:34:11 PDT"]
[Termination "YouJustFoundYourGodfather won by resignation"]

1. b3 Nf6 2. Bb2 e6 3. Nf3 Be7 4. g3 O-O 5. Bg2 d5 6. O-O b6 7.
c4 Bb7 8. cxd5 Bxd5 9. Nc3 Bb7 10. d3 c5 11. Rc1 Nbd7 12. Qd2 Nd5 13. Nxd5 Bxd5 14.
Rfd1 Bf6 15. d4 Rc8 16. Qd3 cxd4 17. Bxd4 Bxd4 18. Qxd4 Nf6 19. Qa4 Qe7 20. Nd4 Bxg2 21. Kxg2 Qb7+ 22. Kg1 a6 23. Qb4 Nd5 24. Qd2 Rfd8 25.
Nf3 h6 26. Ne5 Qa8 27. Rxc8 Rxc8 28. Rc1 b5 29. Nd3 Rd8 30. Qa5 Rc8 31. Nc5 b4 32. Rc4 Nc3 33. Qxb4 Nxe2+ 34. Kf1 Nc1 35. Kg1 Nxa2 36.
Qd2 Rd8 37. Rd4 Rxd4 38. Qxd4 Nc1 39. Qd2 Nxb3 40. Nxb3 Qc6 41. h4 Qc4 42. Qd1 Qb4 43. Kg2 Qb7+ 44. Kh2 Qb6 45. Kg1 a5 46. Nd2 Qd4 47.
Qc2 a4 48. Nc4 Qc5 49. Qc3 a3 50. Qb3 Qd5 51. Qb8+ Kh7 52. Nxa3 Qd1+ 53. Kg2 Qd5+ 54.
Kh2 Qf3 55. Qb2 e5 56. Nc4 e4 57. Qd2 g5 58. hxg5 hxg5 59. Kg1 f6 60. Qe3 Qd1+ 61. Kg2 Qg4 62. Nd2 f5 63. Qd4 Qe2 64. Qd7+ Kg6 65. Qd6+ Kg7 66. Qd4+ Kg6 67. Nc4 Qf3+ 68. Kg1 Qb3 69.
Ne3 Qe6 70. Ng2 f4 71. gxf4 Qg4 72. fxg5 Kxg5 73. Qe3+ Kf5 74. Qg3 Qd1+ 75. Kh2 Qh5+ 76. Qh4 Qf3 77. Qg3 Kf6 78. Qxf3+ exf3 79. Ne1 Kf5 80.
Kg3 Ke4 81. Nxf3 Kf5 82. Nh4+ Kf6 83. f4 Kf7 84. Kg4 Kf8 85. f5 Kg8 86. Kg5 Kf8 87. f6 Kg8 88. Kg6 Kf8 89. f7 Ke7 90. Kg7 Ke6 91. f8=Q 1-0

[Event "Early-Titled-Tuesday-Blitz-October-17-2023"]
[Site "Chess.com"]
[Date "2023.10.17"]
[Round "8"]
[White "Aygehovit1992"]
[Black "Szczor"]
[Result "1/2-1/2"]
[WhiteElo "2703"]
[BlackElo "2557"]
[TimeControl "180+1"]
[EndTime "9:34:31 PDT"]
[Termination "Game drawn by repetition"]

1. e4 c5 2. Nc3 Nc6 3. Bb5 Nd4 4. Nf3 Nxb5 5. Nxb5 a6 6. Nc3 e6 7. d4 Qc7 8. Bg5 b5 9. O-O b4 10. Na4 Bb7 11. Re1 cxd4 12. Qxd4 Bc6 13. Nb6 Rb8 14. Nc4 Bb5 15. Ne3 Qc5 16. Rad1 Qxd4 17. Nxd4 Bc5 18. Nxb5 axb5 19. Bf4 Rc8 20. Bd6 Ne7 21. Bxc5 Rxc5 22. Rd6 Nc6 23. Red1 Ne5 24. f4 Nc4 25. Rxd7 O-O 26.
Nxc4 Rxc4 27. R7d4 Rxc2 28. Rxb4 g5 29. fxg5 Rfc8 30.
Rd3 Re2 31. Rc3 Rd8 32. h3 Rdd2 33. Rg3 Rxb2 34. Rxb2 Rxb2 35. a3 Kg7 36. Rf3 b4 37.
axb4 Rxb4 38. Rf4 e5 39. Rg4 Kg6 40. Kh2 Rb3 41. h4 Re3 42. g3 Kh5 43. g6 hxg6 44.
Rg5+ Kh6 45. Rxe5 Kg7 46. Kh3 Kf6 47. Re8 Kg7 48. Kg4 Re2 49. Kf3 Re1 50. e5 Rf1+ 51.
Ke2 Ra1 52. Re7 Kf8 53. Rc7 Ra5 54. Rc8+ Ke7 55. Rc7+ Ke6 56. Rc6+ Kxe5 57. Kf3 Kf5 58. g4+ Ke5 59. Rc7 Ra3+ 60. Kf2 f5 61. gxf5 gxf5 62. h5 Kf4 63. h6 Ra2+ 64. Kg1 Ra1+ 65. Kg2 Ra2+ 66.
Kh3 Ra3+ 67. Kh4 Ra1 68. Kh5 Rh1+ 69. Kg6 Rg1+ 70. Kf6 Rh1 71. Rc4+ Ke3 72. Kg7 f4 73. Rc3+ Ke2 74. Rc2+ Ke3 75. Rc3+ Ke2 76. Ra3 f3 77. Ra2+ Ke3 78. Ra3+ Ke2 79. h7 f2 80. Ra2+ Ke3 81. Ra3+ Ke2 82. Ra2+ Kf3 83. Ra3+ Ke4 84. Ra4+ Ke5 85.
Ra5+ Ke6 86. Ra6+ Ke5 87. Ra5+ Ke4 88. Ra4+ Ke3 89. Ra3+ Ke4 90. Ra4+ 1/2-1/2

[Event "Early-Titled-Tuesday-Blitz-October-17-2023"]
[Site "Chess.com"]
[Date "2023.10.17"]
[Round "8"]
[White "Eagle_2019"]
[Black "giomar27"]
[Result "1/2-1/2"]
[WhiteElo "2697"]
[BlackElo "2357"]
[TimeControl "180+1"]
[EndTime "9:34:31 PDT"]
[Termination "Game drawn by repetition"]

1. d4 Nf6 2. Bg5 Ne4 3. Bf4 c5 4. f3 Qa5+ 5. c3 Nf6 6. Nd2 cxd4 7. Nb3 Qd8 8. cxd4 e6 9. e4 Bb4+ 10. Bd2 Bxd2+ 11. Qxd2 d5 12. e5 Nfd7 13. f4 Nc6 14. Nf3 O-O 15. Bd3 a5 16. a4 Qb6 17. Ra3 Qb4 18. O-O Qxd2 19. Nbxd2 b6 20. Bb5 Bb7 21. Rc3 Ndb8 22. Rfc1 Rc8 23. g4 Kf8 24. Kf2 Ke7 25. f5 h6 26. Ke3 Kd8 27. fxe6 fxe6 28. g5 Ne7 29. gxh6 Rxc3+ 30. bxc3 gxh6 31. Rg1 Bc6 32. Bxc6 Nbxc6 33. Nh4 Kd7 34. Rb1 Kc7 35. Rf1 Rg8 36. Rf6 Rg4 37. Nhf3 Kd7 38. Kf2 Nf5 39. Nf1 Nce7 40. Rf8 Rf4 41. Ng3 Ng6 42. Rf7+ Ke8 43.
Rf6 Ngh4 44. Nxf5 Rxf3+ 45. Ke2 Rxf5 46. Rxe6+ Kd7 47. Rxh6 Ng2 48. Rh7+ Kc6 49. Rh6+ Kc7 50. Rh7+ Kc6 51. Rh6+ Kc7 52. h4 Rh5 53. Rxh5 Nf4+ 54. Kf3 Nxh5 55. Kg4 Ng7 56. Kg5 b5 57. h5 Nxh5 58.
Kxh5 bxa4 59. Kg6 a3 60. e6 a2 61. e7 a1=Q 62. e8=Q Qxc3 63. Qe5+ Kb7 64. Qe7+ Qc7 65. Qa3 Qc6+ 66. Kg5 a4 67. Qb4+ Kc7 68. Qa5+ Kd6 69. Qd8+ Ke6 70. Qf6+ Kd7 71. Qf7+ Kc8 72. Qf8+ Kb7 73.
Qb4+ Ka6 74. Kf5 Qc4 75. Qd6+ Kb5 76. Qb8+ Ka5 77. Qa7+ Kb4 78. Qb6+ Kc3 79. Ke5 a3 80. Qa5+ Qb4 81. Qxd5 Kb2 82. Qg2+ Kb3 83. Qd5+ Kb2 84. Qg2+ Kb1 85. Qf1+ Kb2 86. Qe2+ Kb3 87. Qd1+ Kb2 88. Qe2+ Kb1 89. Qd1+ Kb2 90. Qe2+ 1/2-1/2

[Event "Early-Titled-Tuesday-Blitz-October-17-2023"]
[Site "Chess.com"]
[Date "2023.10.17"]
[Round "8"]
[White "ploxoi"]
[Black "Fore_Man"]
[Result "0-1"]
[WhiteElo "2455"]
[BlackElo "2343"]
[TimeControl "180+1"]
[EndTime "9:34:56 PDT"]
[Termination "Fore_Man won by resignation"]

1. d4 Nf6 2. c4 e6 3. g3 d5 4. Nf3 Bb4+ 5. Bd2 Be7 6. Bg2 O-O 7. O-O dxc4 8. Qc2 a6 9. Qxc4 b5 10. Qc1 Bb7 11. Ba5 Nc6 12. Qd2 Nxa5 13. Qxa5 c5 14. Qxd8 Rfxd8 15. dxc5 Bxc5 16. Nbd2 Rac8 17. Rac1 Bb6 18.
Nb3 Ng4 19. e3 Rxc1 20. Nxc1 Bxf3 21. Bxf3 Ne5 22. Bb7 Rd2 23. b4 a5 24. bxa5 Bxa5 25. Ba6 b4 26. h4 g6 27. h5 gxh5 28. Be2 Ng4 29. Bf3 Rc2 30. Be4 Rd2 31. Bb1 Bb6 32. Nb3 Rb2 33. Nd4 Bxd4 34. exd4 Nf6 35. Rc1 Nd5 36.
Bd3 Nc3 37. a3 Nd5 38. axb4 Nxb4 39. Rc8+ Kg7 40. Be4 Rd2 41. Rc4 Rb2 42. Rc5 Na6 43.
Rxh5 h6 44. Ra5 Nc7 45. Kg2 Nb5 46. d5 Nc3 47. Bf3 e5 48. Ra3 Nb5 49. Re3 f6 50.
Be4 Nd6 51. Bd3 Rb3 52. Bc2 Rb5 53. Rc3 Rxd5 54. Rc7+ Kf8 55. Rh7 Nf7 56. Bg6 Ng5 57. Rxh6 Kg7 58. Be4 Nxe4 59. Rh4 Ng5 60. Ra4 Kf7 61.
Ra7+ Ke6 62. Ra6+ Rd6 63. Ra5 Ne4 64. Ra4 Ng5 65. Ra5 Nf7 66. Ra3 Rd5 67. Ra4 Nd6 68. Ra6 Kf5 69. Ra4 Ke6 70. Kf3 f5 71. Rb4 e4+ 72.
Ke2 Rd3 73. Ra4 Rf3 74. Ra6 Ke5 75. Ra5+ Kd4 76. Ra6 Nc4 77. Ra4 Rc3 78. Ra7 Rc2+ 79. Kf1 Ne5 80. Ra3 Nf3 81. Kg2 Rc1 82. Ra2 Rg1+ 83.
Kh3 Rh1+ 84. Kg2 Rh2+ 85. Kf1 Rh1+ 86. Kg2 Rd1 87. Ra4+ Ke5 88. Ra5+ Kf6 89. Ra6+ Kg5 90. Ra8 Rd2 91. Rg8+ Kf6 92. Rf8+ Ke5 93. Re8+ Kd6 94.
Kf1 Rd1+ 95. Kg2 Nd4 96. Rf8 Ke5 97. Re8+ Ne6 98. Rh8 Rd2 99. Ra8 e3 100. Ra5+ Kf6 101. Kf1 Rxf2+ 102. Ke1 Nd4 103. Ra4 Nc2+ 0-1

[Event "Early-Titled-Tuesday-Blitz-October-17-2023"]
[Site "Chess.com"]
[Date "2023.10.17"]
[Round "9"]
[White "lolo9292"]
[Black "Eagle_2019"]
[Result "0-1"]
[WhiteElo "2217"]
[BlackElo "2698"]
[TimeControl "180+1"]
[EndTime "9:42:58 PDT"]
[Termination "Eagle_2019 won by resignation"]

1. Nf3 d5 2. e3 Nf6 3. c4 c6 4.
Nc3 e6 5. b3 Nbd7 6. Bb2 Bd6 7.
d4 O-O 8. Bd3 e5 9. cxd5 cxd5 10. Nb5 Bb4+ 11. Nd2 exd4 12. Nxd4 Nc5 13. Bc2 Nfe4 0-1

[Event "Early-Titled-Tuesday-Blitz-October-17-2023"]
[Site "Chess.com"]
[Date "2023.10.17"]
[Round "9"]
[White "MFatigue"]
[Black "jk13"]
[Result "0-1"]
[WhiteElo "2565"]
[BlackElo "2686"]
[TimeControl "180+1"]
[EndTime "9:43:23 PDT"]
[Termination "jk13 won by resignation"]

1. e4 e5 2. Nf3 Nc6 3. d4 exd4 4. Bc4 Nf6 5. O-O d6 6. Re1 Be7 7. Nxd4 O-O 8. Nxc6 bxc6 9. Nc3 Nd7 10. Bf4 Bf6 11.
h3 Re8 12. Bb3 a5 13. Qd2 Ne5 14. Rad1 Bd7 15. Bg3 Ng6 16. f4 Bh4 17. Qf2 Bxg3 18. Qxg3 Qf6 19. Rf1 Rad8 20. Rde1 Bc8 21. Bc4 Qd4+ 0-1

[Event "Early-Titled-Tuesday-Blitz-October-17-2023"]
[Site "Chess.com"]
[Date "2023.10.17"]
[Round "9"]
[White "mishanick"]
[Black "seopie"]
[Result "1-0"]
[WhiteElo "3023"]
[BlackElo "2854"]
[TimeControl "180+1"]
[EndTime "9:43:27 PDT"]
[Termination "mishanick won by resignation"]

1. d4 Nf6 2. c4 e6 3. Nc3 d5 4.
cxd5 exd5 5. Bf4 Bd6 6. Bxd6 Qxd6 7. e3 c6 8. Bd3 O-O 9. h3 Nbd7 10. Nf3 Re8 11.
Qc2 Qe7 12. O-O Ne4 13. b4 Qxb4 14. Nxe4 dxe4 15. Bxe4 Nf6 16. Bd3 Qe7 17. a4 Be6 18.
Ng5 h6 19. Nxe6 Qxe6 20. Rfc1 Rac8 21. a5 b6 22. Bf5 Qd6 23. Bxc8 Rxc8 24. axb6 axb6 25.
Qf5 Rb8 26. Qe5 Qxe5 27. dxe5 Nd7 28. Rxc6 Nxe5 29. Rc3 b5 30. Rb1 b4 31. Rc5 Nd3 32. Rc4 b3 33. Rc3 1-0

[Event "Early-Titled-Tuesday-Blitz-October-17-2023"]
[Site "Chess.com"]
[Date "2023.10.17"]
[Round "9"]
[White "Cheer_Down"]
[Black "Kildepiotr"]
[Result "0-1"]
[WhiteElo "2526"]
[BlackElo "2647"]
[TimeControl "180+1"]
[EndTime "9:44:03 PDT"]
[Termination "Kildepiotr won by resignation"]

1. e4 g6 2. d4 Bg7 3. Nf3 c6 4. Nc3 d6 5. a4 Nf6 6. Be2 O-O 7. O-O Nbd7 8. h3 e5 9. dxe5 dxe5 10. Bc4 Qe7 11. a5 Nc5 12. b3 Nfxe4 13. Nxe4 Nxe4 14. Ba3 c5 15. a6 Nc3 16. Qe1 e4 17. Nd2 b5 18.
Be2 b4 0-1

[Event "Early-Titled-Tuesday-Blitz-October-17-2023"]
[Site "Chess.com"]
[Date "2023.10.17"]
[Round "9"]
[White "Resignify"]
[Black "Mr_Lion22"]
[Result "0-1"]
[WhiteElo "2345"]
[BlackElo "2482"]
[TimeControl "180+1"]
[EndTime "9:44:32 PDT"]
[Termination "Mr_Lion22 won by resignation"]

1. e4 c5 2. Nc3 d6 3. g3 Nf6 4.
Bg2 Nc6 5. d3 g6 6. f4 Bg7 7. Nf3 O-O 8. O-O Rb8 9. a3 b5 10.
Rb1 b4 11. axb4 cxb4 12. Na4 Nd7 13. b3 Nc5 14. Nxc5 dxc5 15. Bb2 Bxb2 16. Rxb2 Bg4 17.
Ra2 a5 18. Qa1 Bxf3 19. Bxf3 Nd4 20. Rf2 Qb6 21. Rxa5 c4 22. Kg2 cxb3 23. Ra6 b2 0-1

[Event "Early-Titled-Tuesday-Blitz-October-17-2023"]
[Site "Chess.com"]
[Date "2023.10.17"]
[Round "9"]
[White "JuniorJumper"]
[Black "Aygehovit1992"]
[Result "1-0"]
[WhiteElo "2594"]
[BlackElo "2692"]
[TimeControl "180+1"]
[EndTime "9:44:34 PDT"]
[Termination "JuniorJumper won by resignation"]

1. d4 Nf6 2. c4 e6 3. Nc3 Bb4 4. Bd2 O-O 5. e3 b6 6. Nf3 Bb7 7. Bd3 Bxc3 8. Bxc3 Ne4 9. Bxe4 Bxe4 10. d5 c5 11. Nd2 Bd3 12. Qf3 exd5 13. Qxd5 Bxc4 14. Qxa8 Bd3 15. Qd5 c4 16. Nxc4 1-0

[Event "Early-Titled-Tuesday-Blitz-October-17-2023"]
[Site "Chess.com"]
[Date "2023.10.17"]
[Round "9"]
[White "Bilan_Danila"]
[Black "Jojo_898"]
[Result "1-0"]
[WhiteElo "2566"]
[BlackElo "2351"]
[TimeControl "180+1"]
[EndTime "9:44:34 PDT"]
[Termination "Bilan_Danila won by resignation"]

1. d4 Nf6 2. Nf3 e6 3. g3 b6 4.
Bg2 Bb7 5. O-O Be7 6. c4 O-O 7. d5 c5 8. d6 Bxd6 9. Qxd6 Nc6 10. Nc3 Re8 11. Ne5 Nxe5 12. Qxe5 Bxg2 13. Kxg2 d5 14. Bg5 dxc4 15. Rad1 Qe7 16. Bxf6 gxf6 17. Qe4 f5 18. Qxc4 Qb7+ 19. Kg1 a6 20. e4 fxe4 21. Nxe4 b5 22. Nf6+ 1-0

[Event "Early-Titled-Tuesday-Blitz-October-17-2023"]
[Site "Chess.com"]
[Date "2023.10.17"]
[Round "9"]
[White "nitpicker"]
[Black "NM_Antelacus"]
[Result "1/2-1/2"]
[WhiteElo "2241"]
[BlackElo "2087"]
[TimeControl "180+1"]
[EndTime "9:44:48 PDT"]
[Termination "Game drawn by repetition"]

1. d4 Nf6 2. c4 e6 3. g3 Bb4+ 4. Bd2 Qe7 5. Bg2 O-O 6. Nf3 d5 7. Qc2 c6 8. a3 Bxd2+ 9. Nbxd2 Nbd7 10. O-O b6 11. Rfe1 Bb7 12. e4 dxe4 13. Nxe4 Nxe4 14. Qxe4 Nf6 15. Qh4 Qd6 16. Rad1 c5 17. dxc5 Qxc5 18. Re5 Qc7 19. Rg5 Ne4 20. Rh5 Nf6 21. Rg5 Ne4 22. Rh5 Nf6 23. Rg5 1/2-1/2

[Event "Early-Titled-Tuesday-Blitz-October-17-2023"]
[Site "Chess.com"]
[Date "2023.10.17"]
[Round "9"]
[White "Sofia_Blokhin"]
[Black "MerryPoppies"]
[Result "0-1"]
[WhiteElo "2258"]
[BlackElo "2145"]
[TimeControl "180+1"]
[EndTime "9:45:15 PDT"]
[Termination "MerryPoppies won by resignation"]

1. d4 d5 2. c4 e5 3. dxe5 d4 4. a3 a5 5. e3 Nc6 6. Nf3 Bc5 7. exd4 Bxd4 8. Nxd4 Qxd4 9. Qxd4 Nxd4 10. Kd1 Bg4+ 11.
f3 Bf5 12. Be3 Nb3 13. g4 Bg6 14. f4 Be4 15. Nd2 O-O-O 16. Bh3 Bxh1 17. Rb1 Be4 0-1

[Event "Early-Titled-Tuesday-Blitz-October-17-2023"]
[Site "Chess.com"]
[Date "2023.10.17"]
[Round "9"]
[White "santosalberto1987"]
[Black "Irina_Mikhaylova"]
[Result "0-1"]
[WhiteElo "2410"]
[BlackElo "2314"]
[TimeControl "180+1"]
[EndTime "9:45:22 PDT"]
[Termination "Irina_Mikhaylova won by resignation"]

1. e4 c5 2. Nf3 Nc6 3. Nc3 d6 4. d4 cxd4 5. Nxd4 e5 6. Ndb5 a6 7. Na3 b5 8. Nd5 Nge7 9. c4 Nd4 10. Nc2 Nxd5 11. cxd5 Bg4 12. Qd3 Nxc2+ 13. Qxc2 Rc8 14. Qb3 Be7 15. Bd3 O-O 16. O-O Bh4 17.
Be3 Bg5 18. a4 Bxe3 19. fxe3 Qb6 20. axb5 Qxe3+ 21. Kh1 axb5 22. Qxb5 Rb8 23. Qc4 Rxb2 24. Bc2 Be2 25. Qc7 Bxf1 26. Rxf1 Qd2 0-1

[Event "Early-Titled-Tuesday-Blitz-October-17-2023"]
[Site "Chess.com"]
[Date "2023.10.17"]
[Round "9"]
[White "Gyulamiryan-koryun"]
[Black "ivana_999"]
[Result "1-0"]
[WhiteElo "1950"]
[BlackElo "2079"]
[TimeControl "180+1"]
[EndTime "9:45:26 PDT"]
[Termination "Gyulamiryan-koryun won by resignation"]

1. e4 e6 2. d4 d5 3. exd5 exd5 4.
Nf3 Bd6 5. c3 Ne7 6. Bd3 Nbc6 7.
Bg5 f6 8. Bh4 Bg4 9. Nbd2 Qd7 10. Qc2 g5 11. Bg3 O-O-O 12. O-O-O Bxg3 13. hxg3 Bf5 14. Rh6 Bxd3 15. Qxd3 Ng8 16. Rhh1 Nge7 17. Rxh7 Qf5 18.
Qxf5+ Nxf5 19. Rdh1 Rxh7 20. Rxh7 Nce7 21. Rf7 Rd6 22. g4 Re6 23. gxf5 Nxf5 24. Kd1 b6 25. Nxg5 fxg5 26. Rxf5 1-0

[Event "Early-Titled-Tuesday-Blitz-October-17-2023"]
[Site "Chess.com"]
[Date "2023.10.17"]
[Round "9"]
[White "Wizard_97"]
[Black "venturov"]
[Result "1-0"]
[WhiteElo "2578"]
[BlackElo "2454"]
[TimeControl "180+1"]
[EndTime "9:45:37 PDT"]
[Termination "Wizard_97 won by resignation"]

1. e4 c5 2. Nf3 e6 3. d4 cxd4 4. Nxd4 Nc6 5. Nc3 Qc7 6. Ndb5 Qb8 7. Be3 a6 8. Bb6 axb5 9. Nxb5 Bb4+ 10. c3 Ba5 11.
Nc7+ Qxc7 12. Bxc7 Bxc7 13. Be2 Nf6 14. Bd3 O-O 15. O-O d5 16. exd5 Nxd5 17. Qc2 h6 18. a4 Rd8 19. Bh7+ Kh8 20. Be4 Bd7 21. Rad1 Be8 22. b4 Rac8 23. a5 Ncxb4 24. cxb4 Bxh2+ 25. Kxh2 Rxc2 26. Bxc2 Rc8 27. Be4 Nxb4 28. Bxb7 Rb8 29. a6 Nc6 30. Bxc6 Bxc6 31. Rc1 Bd5 32. Rc7 Rb6 33.
Ra1 Rb8 34. a7 Rf8 35. Rb1 1-0

[Event "Early-Titled-Tuesday-Blitz-October-17-2023"]
[Site "Chess.com"]
[Date "2023.10.17"]
[Round "9"]
[White "KVAIDAN"]
[Black "Balla_Tamas"]
[Result "1-0"]
[WhiteElo "2290"]
[BlackElo "2381"]
[TimeControl "180+1"]
[EndTime "9:45:37 PDT"]
[Termination "KVAIDAN won by resignation"]

1. f4 e5 2. e4 d5 3. exd5 exf4 4. d4 Nf6 5. Nf3 Nxd5 6. Bc4 Be7 7. O-O Ne3 8. Bxe3 fxe3 9. Qe2 O-O 10. Qxe3 Nc6 11. c3 Bg4 12. Nbd2 Bd6 13. Ne4 Kh8 14. Nfg5 Be6 15.
Bxe6 fxe6 16. Qh3 h6 17. Nf7+ Rxf7 18. Rxf7 Qe8 19. Nxd6 cxd6 20. Raf1 e5 21. Qg4 Qg8 22. Rxb7 exd4 23. cxd4 Re8 24. h3 Rf8 25. Rxf8 Qxf8 26.
Rc7 Nb4 27. Rc8 1-0

[Event "Early-Titled-Tuesday-Blitz-October-17-2023"]
[Site "Chess.com"]
[Date "2023.10.17"]
[Round "9"]
[White "emeli_chess"]
[Black "Maxfan2008"]
[Result "0-1"]
[WhiteElo "2403"]
[BlackElo "2526"]
[TimeControl "180+1"]
[EndTime "9:45:44 PDT"]
[Termination "Maxfan2008 won by resignation"]

1. d4 d5 2. c4 c6 3. Nc3 Nf6 4. e3 e6 5. Nf3 Nbd7 6. Bd3 dxc4 7. Bxc4 b5 8. Bd3 a6 9. e4 c5 10. d5 Bd6 11. dxe6 fxe6 12. O-O O-O 13. Bxb5 Bxh2+ 14.
Nxh2 axb5 15. Nxb5 Ba6 16. Qb3 Qb6 17. e5 Nd5 18.
Nf3 Qxb5 19. Qd1 Qxf1+ 0-1

[Event "Early-Titled-Tuesday-Blitz-October-17-2023"]
[Site "Chess.com"]
[Date "2023.10.17"]
[Round "9"]
[White "esrosenberg"]
[Black "Martial2008"]
[Result "0-1"]
[WhiteElo "2423"]
[BlackElo "2640"]
[TimeControl "180+1"]
[EndTime "9:45:59 PDT"]
[Termination "Martial2008 won by resignation"]

1. d4 Nf6 2. Nf3 e6 3. g3 b5 4. Bg2 Bb7 5. O-O Be7 6. Bg5 O-O 7. Qd3 a6 8. Nbd2 d5 9. Nb3 Nbd7 10. Na5 Rb8 11.
Nxb7 Rxb7 12. b3 Ne4 13. Bxe7 Qxe7 14. Nd2 f5 15. f3 Nxd2 16. Qxd2 c5 17. e4 cxd4 18.
Qxd4 Qc5 19. Qxc5 Nxc5 20. exd5 exd5 21. f4 Ne4 22. Rfd1 Rd8 23. c4 bxc4 24. bxc4 d4 25.
c5 Rc7 26. Rac1 Rxc5 27. Bf1 Rxc1 28. Rxc1 d3 29. Rd1 d2 30. Bc4+ Kf8 31. Kf1 Nc3 32.
Bb3 Nxd1 33. Bxd1 Re8 0-1

[Event "Early-Titled-Tuesday-Blitz-October-17-2023"]
[Site "Chess.com"]
[Date "2023.10.17"]
[Round "9"]
[White "kritipatel"]
[Black "rikchessmx"]
[Result "0-1"]
[WhiteElo "2124"]
[BlackElo "2259"]
[TimeControl "180+1"]
[EndTime "9:46:03 PDT"]
[Termination "rikchessmx won by resignation"]

1. e4 d5 2. exd5 Qxd5 3. d4 Nc6 4. Nf3 Bg4 5. Nc3 Qh5 6. Be2 O-O-O 7. Be3 Nf6 8. O-O e6 9. Ne5 Nxe5 10. f3 Bf5 11. h3 Qh4 12. Bf2 Qh6 13. dxe5 Rxd1 14. Raxd1 Nd7 15. Bd4 Bc5 16. f4 Bxc2 17. Rd2 Bxd4+ 18.
Rxd4 c6 19. Kh2 g5 20. fxg5 Qxg5 21. Rg4 Qxe5+ 22. Kh1 Bg6 23. Bc4 Nb6 24. Bb3 Nd5 25. Nxd5 cxd5 26. Rc1+ Kb8 27. Rgc4 dxc4 0-1

[Event "Early-Titled-Tuesday-Blitz-October-17-2023"]
[Site "Chess.com"]
[Date "2023.10.17"]
[Round "9"]
[White "Tagliata"]
[Black "Witty_Alien"]
[Result "0-1"]
[WhiteElo "2128"]
[BlackElo "2245"]
[TimeControl "180+1"]
[EndTime "9:46:04 PDT"]
[Termination "Witty_Alien won by resignation"]

1. e4 c5 2. Nf3 d6 3. d4 cxd4 4. Nxd4 Nf6 5. Nc3 a6 6. h3 g6 7. Be3 Bg7 8. f3 Nc6 9. Qd2 Bd7 10.
O-O-O O-O 11. Bc4 Rc8 12. Nxc6 bxc6 13. Bb3 c5 14. Bc4 Bb5 15. Qe2 Qa5 16. Bxb5 axb5 17.
Qxb5 Qa7 18. Qc4 Rb8 19. a4 Nd7 20. Nb5 Qa6 21. b3 Nb6 22. Qe2 Nxa4 23. bxa4 Qxa4 24.
c4 Rxb5 0-1

[Event "Early-Titled-Tuesday-Blitz-October-17-2023"]
[Site "Chess.com"]
[Date "2023.10.17"]
[Round "9"]
[White "Shockerlover"]
[Black "DarZay"]
[Result "0-1"]
[WhiteElo "1965"]
[BlackElo "2213"]
[TimeControl "180+1"]
[EndTime "9:46:11 PDT"]
[Termination "DarZay won on time"]

1. d4 d5 2. Nf3 Nf6 3. c4 e6 4. g3 Bb4+ 5. Nbd2 O-O 6. Bg2 Ne4 7. O-O f5 8. Qc2 c6 9. a3 Bd6 10. Ne5 Nd7 11. f4 Nxe5 12. dxe5 Bc5+ 13. Kh1 Nf2+ 14.
Rxf2 Bxf2 15. Nf3 d4 16. Qd3 c5 17. Bd2 Bd7 18. Rf1 Be3 19. Bxe3 dxe3 20. Qxe3 Qb6 21. b3 Bc6 22. Rd1 Rad8 23. Rd3 Be4 24.
Rxd8 Rxd8 25. Nd2 Bxg2+ 26. Kxg2 Qc6+ 27. Nf3 b6 28. h4 h6 29. Kh3 Rd1 30. Qc3 Qe4 0-1

[Event "Early-Titled-Tuesday-Blitz-October-17-2023"]
[Site "Chess.com"]
[Date "2023.10.17"]
[Round "9"]
[White "Ural_bogatyr"]
[Black "Goryachkina"]
[Result "1/2-1/2"]
[WhiteElo "2543"]
[BlackElo "2652"]
[TimeControl "180+1"]
[EndTime "9:46:14 PDT"]
[Termination "Game drawn by repetition"]

1. d4 Nf6 2. Nc3 e6 3. e4 d5 4.
Bg5 dxe4 5. Nxe4 Be7 6. Nxf6+ Bxf6 7. Bxf6 Qxf6 8. Nf3 Bd7 9. Ne5 O-O 10. Bd3 Rd8 11.
Qe2 Nc6 12. Nxd7 Rxd7 13. c3 Rad8 14. O-O e5 15. Rfe1 g6 16. dxe5 Nxe5 17. Qxe5 Qxe5 18.
Rxe5 Rxd3 19. Kf1 Rd2 20. Re2 Kf8 21. Rae1 Kg7 22. Rxd2 Rxd2 23. Re2 Rd1+ 24. Re1 Rd2 25. Re2 Rd1+ 26. Re1 Rd2 1/2-1/2

[Event "Early-Titled-Tuesday-Blitz-October-17-2023"]
[Site "Chess.com"]
[Date "2023.10.17"]
[Round "9"]
[White "pankajfm"]
[Black "Magila31"]
[Result "1-0"]
[WhiteElo "2157"]
[BlackElo "2351"]
[TimeControl "180+1"]
[EndTime "9:46:14 PDT"]
[Termination "pankajfm won by resignation"]

1. e4 e5 2. Nf3 Nc6 3. Bc4 Be7 4.
O-O Nf6 5. Re1 O-O 6. d4 d6 7. c3 Bg4 8. Be3 Nxe4 9. Bd5 Nf6 10. Bxc6 bxc6 11. dxe5 Nd5 12. exd6 Bxd6 13. h3 Bh5 14. Nbd2 Rb8 15. g4 Bg6 16. Nc4 Bf4 17. Bxa7 Ra8 18.
Bc5 Re8 19. Nd4 Qd7 20. Qf3 Rxa2 21. Rxe8+ Qxe8 22. Rxa2 Qe1+ 23. Kg2 h5 24. Ra8+ Kh7 25. Nf5 Bg5 26. Be3 Nxe3+ 27. Ncxe3 Qd2 28. gxh5 1-0

[Event "Early-Titled-Tuesday-Blitz-October-17-2023"]
[Site "Chess.com"]
[Date "2023.10.17"]
[Round "9"]
[White "Tobias_Koelle"]
[Black "ArtemDyachuk"]
[Result "0-1"]
[WhiteElo "2930"]
[BlackElo "2668"]
[TimeControl "180+1"]
[EndTime "9:46:19 PDT"]
[Termination "ArtemDyachuk won by resignation"]

1. d4 Nf6 2. Nc3 d5 3. Bf4 c6 4. e3 Qb6 5. Rb1 Bf5 6. Nf3 e6 7.
Ne5 Nbd7 8. g4 Bg6 9. h4 Nxe5 10. dxe5 Nxg4 11. Qxg4 Bxc2 12. Qe2 Bxb1 13. Nxb1 Bb4+ 14. Kd1 O-O-O 15. a3 Be7 16. Qc2 d4 17. e4 d3 18.
Bxd3 Rxd3+ 19. Qxd3 Rd8 20. Qxd8+ Kxd8 21. Kc2 Qxf2+ 22.
Bd2 Qf3 23. Re1 Bxh4 24. Re3 Qg4 25. Nc3 Bg5 26. Rd3+ Kc8 27. Be1 h5 28. Na4 b6 29.
Nc3 h4 30. b4 h3 31. b5 h2 32.
bxc6 h1=Q 33. Nb5 Qe2+ 34. Bd2 Qb1+ 35. Kxb1 Qxd3+ 36. Ka1 0-1